 Dungeon Crawl Stone Soup version 0.19.3-4-gbf9329e (webtiles) character file.

18 sankara the Digger (level 2, -1/15 HPs)
             Began as a Gargoyle Earth Elementalist on Jan 27, 2017.
             Slain by a worm (7 damage)
             ... on level 1 of the Dungeon.
             The game lasted 00:03:38 (1086 turns).

sankara the Digger (Gargoyle Earth Elementalist)    Turns: 1086, Time: 00:03:39

Health: -1/15      AC:  5    Str: 11    XL:     2   Next: 70%
Magic:  1/5        EV: 12    Int: 15    God:
Gold:   46         SH:  0    Dex: 10    Spells: 2 memorised, 2 levels left

rFire  . . .     SeeInvis .     m - +0 whip
rCold  . . .     Gourm    .     c - +0 robe
rNeg   + . .     Faith    .     (no shield)
rPois  ∞         Spirit   .     f - +0 helmet
rElec  +         Reflect  .     (no cloak)
rCorr  .         Harm     .     (no gloves)
MR     .....                    (no boots)
Stlth  ++........               (no amulet)
                                (no ring)
                                (no ring)

@: no status effects
A: negative energy resistance 1, electricity resistance, unbreathing,
petrification resistance, rot immunity, AC +2
a: no special abilities


You were on level 1 of the Dungeon.
You were hungry.

You visited 1 branch of the dungeon, and saw 2 of its levels.

You collected 46 gold pieces.

Inventory:

Hand Weapons
 m - a +0 whip (weapon)
 n - a +2 vampiric dagger
Missiles
 b - 51 stones (quivered)
Armour
 c - a +0 robe (worn)
 f - a +0 helmet (worn)
Jewellery
 a - a cursed amulet of inaccuracy {unknown}
Scrolls
 g - a scroll of identify {unknown}
 h - a scroll of noise {unknown}
 k - a scroll of teleportation {unknown}
 l - a scroll of amnesia {unknown}
 o - a scroll of fear {unknown}
Potions
 j - a potion of curing {unknown}
Books
 e - a book of Geomancy

   Spells                             Type                      Level
   a - Sandblast                      Earth                        1
   b - Passwall                       Transmutation/Earth          2
   c - Stone Arrow                    Conjuration/Earth            3
   d - Petrify                        Transmutation/Earth          4
   e - Lee's Rapid Deconstruction     Earth                        5
Comestibles
 d - a bread ration
 i - a slice of pizza


   Skills:
 + Level 0.4 Maces & Flails
 - Level 1.5 Dodging
 - Level 2.1 Stealth
 - Level 2.0 Spellcasting
 - Level 0.7 Transmutations
 + Level 4.6 Earth Magic


You had 2 spell levels left.
You knew the following spells:

 Your Spells              Type           Power        Failure   Level  Hunger
a - Sandblast             Erth           ###...       3%          1    #......
b - Passwall              Tmut/Erth      #.........   12%         2    ###....


Dungeon Overview and Level Annotations

Branches:
Dungeon (2/15)

Altars:
Ashenzari


Innate Abilities, Weirdness & Mutations

You are resistant to torment.
Your stone body is resilient. (AC +2)
You are immune to poison.
You resist negative energy. (rN+)
You are resistant to electric shocks. (rElec)
You can survive without breathing.
You are immune to petrification.
You are immune to rotting.


Message History

Confirm with . or Enter, or press ? or * to list all spells.
You don't have enough magic to cast that spell.
Unknown command.
You barely miss the worm.
The worm is moderately wounded.
The worm barely misses you.
You hit the worm but do no damage.
The worm is moderately wounded.
You completely miss the worm.
The worm is moderately wounded.
The worm closely misses you.
You hit the worm but do no damage.
The worm is lightly wounded.
The worm bites you but does no damage.
You hit the worm but do no damage.
The worm is lightly wounded.
You hit the worm.
The worm is moderately wounded.
The worm bites you!
You die...

#...........#....# #.....#......
#...........#....# ##....#......
##.#.........#....# #....#......
...#.........#....# ##...#......
####.........#....# #...#...... #
#.........#....# ##'##.....# #
#.........##..## #..#.##### #
####+########.##### ##.#.# #
#............@w...# #...#####
####.#######'#######.# ##.......
'..#.#.............#.# #.......
##.#.#.###########.#.# ##......
##.#.#.#.........#.#.# ###>.....
##.#.#.#.#######.#.#.# #........
##.#.#.#.#.....#.#.#.####........
##...#...#..<..#...#...##........
##.#.#.#.#.....#.#.#.#.†.........


You could see a worm.

Vanquished Creatures
  A dart slug (D:1)
  3 goblins (D:1)
  A hobgoblin (D:1)
  2 kobolds (D:1)
  A ball python (D:1)
  5 bats (D:1)
  4 rats (D:1)
17 creatures vanquished.

Notes
Turn   | Place    | Note
-------+----------+-------------------------------------------
     0 | D:1      | sankara the Gargoyle Earth Elementalist began the quest for the Orb.
     0 | D:1      | Reached XP level 1. HP: 10/10 MP: 3/3
   204 | D:1      | Reached skill level 4 in Earth Magic
   220 | D:1      | Reached XP level 2. HP: 15/15 MP: 1/5
   226 | D:1      | Learned a level 2 spell: Passwall
   429 | D:1      | Found a shattered altar of Ashenzari.
   462 | D:1      | You fall through a shaft!
  1086 | D:1      | Slain by a worm

Skill      XL: |  1 |
---------------+----+-----
Earth Magic    | 4 |  4.6
Maces & Flails | |  0.4
Dodging        | |  1.5
Stealth        | |  2.1
Spellcasting   | |  2.0
Transmutations | |  0.7

Action                   || total
-------------------------++-------
Melee: Hand axe          ||    12
       Club              ||    38
       Whip              ||    17
 Cast: Sandblast         ||    13
 Stab: Sleeping          ||     5
       Distracted        ||     1
Armor: Robe              ||    25
Dodge: Dodged            ||    48
